 Dungeon Crawl Stone Soup version 0.28.0 (webtiles) character file.

Game seed: 11011918948733758922

39 zeram the Sneak (level 3, -1/24 HPs)
             Began as an Octopode Brigand on Feb 12, 2022.
             Slain by Edmund (2 damage)
             ... on level 5 of the Dungeon.
             The game lasted 00:01:37 (1131 turns).

zeram the Sneak (Octopode Brigand)                  Turns: 1131, Time: 00:01:38

Health: -1/24      AC:  1    Str: 10    XL:     3   Next: 45%
Magic:  3/3        EV: 12    Int: 15    God:
Gold:   20         SH:  0    Dex: 13    Spells: 2/2 levels left

rFire   . . .      SeeInvis .   a - +2 dagger
rCold   . . .      Faith    .   (no shield)
rNeg    . . .      Spirit   .   (helmet restricted)
rPois   .          Reflect  .   (no amulet)
rElec   .          Harm     .   (no ring)
rCorr   .          Rampage  .   (no ring)
Will    .....                   (no ring)
Stlth   ++++......              (no ring)
HPRegen 0.08/turn               (no ring)
MPRegen 0.08/turn               (no ring)
                                (no ring)
                                (no ring)

@: no status effects
A: almost no armour, amphibious, 8 rings, camouflage 1, gelatinous body 1,
(nimble swimmer 1), tentacles
a: no special abilities


You were on level 5 of the Dungeon.
You visited 1 branch of the dungeon, and saw 4 of its levels.

You collected 20 gold pieces.

Inventory:

Hand Weapons
 a - a +2 dagger (weapon)
Missiles
 b - 8 poisoned darts (quivered)
 c - 2 curare-tipped darts
Jewellery
 f - a ring of fire
Potions
 d - a potion of lignification {unknown}
 e - 2 potions of curing {unknown}


   Skills:
 + Level 2.0 Fighting
 + Level 2.2 Short Blades
 + Level 2.0 Throwing
 + Level 1.0 Dodging
 + Level 6.8 Stealth


You had 2 spell levels left.
You didn't know any spells.
Your spell library contained the following spells:

 Spells                   Type           Power      Damage    Failure   Level
 Animate Skeleton         Necr           0%         N/A       26%         1
 Pain                     Necr           0%         1d4       26%         1
 Vampiric Draining        Necr           0%         2d6       63%         3


Dungeon Overview and Level Annotations

Branches:
Dungeon (5/15)
 Temple: D:4-7

Altars:

Shops:
D:2 !

Annotations:
D:5 Edmund


Innate Abilities, Weirdness & Mutations

You cannot wear most types of armour.
You are amphibious.
You can wear up to eight rings at the same time.
Your skin changes colour to match your surroundings (Stealth+).
Your rubbery body absorbs attacks. (AC +1, EV +1)
((You are camouflaged when in or above water. (Stealth+)))
You have tentacles for arms and can constrict up to eight enemies at once.


Message History

No target in view!
You start resting.
HP restored.
You climb upwards.
The orc closely misses you. The orc barely misses you.
There is a stone staircase leading down here.
The orc hits you but does no damage.
You climb downwards.
There is a stone staircase leading up here.
You hit the orc. You grab the orc. Your squeeze misses the orc.
The orc is heavily wounded.
You constrict the orc. You hit the orc.
You kill the orc!
No target in view!
No target in view!
No target in view!
Edmund the Younger comes into view.
He is wielding a +3 vorpal flail and wearing a +2 scale mail of cold resistance.
Things that are here:
a +0 falchion; a +0 club; a gnoll corpse
Found 17 gold pieces.
The helpless Edmund fails to defend himself.
You impale Edmund!! You grab Edmund.
Edmund is severely wounded.
You constrict Edmund, but do no damage. Edmund closely misses you.
You hit Edmund.
You tentacle-slap Edmund, but do no damage.
You squeeze Edmund, but do no damage.
Edmund is severely wounded.
You constrict Edmund. Edmund hits you with a +3 vorpal flail!
Ouch! That really hurt!
You hit Edmund but do no damage.
Edmund is severely wounded.
You constrict Edmund, but do no damage.
Edmund asks, "Have you met my wondrous brother?"
Edmund closely misses you.
You hit Edmund but do no damage. You squeeze Edmund, but do no damage.
Edmund is severely wounded.
You constrict Edmund, but do no damage. Edmund hits you with a +3 vorpal flail!
* * * LOW HITPOINT WARNING * * *
You die...

#.# #.#.
.#.#
#.#.#
#.#.#
#.#.#
#.#.#
#.#.#
#.#.#
#.#.#
#.#.#.#.#
#.#<#.#
#.#)#
#.#@#.#
#.#@#.#.#
#.#.#
#.#.#
#.#.#
#.#.#
#.#.#
#$#.#
.#.#
#.#.# #.#
#.#. .#
#.


You could see Edmund.

Vanquished Creatures
  A gnoll (D:5)
  A dart slug (D:1)
  An orc (D:5)
  3 endoplasms (D:1)
  A giant cockroach (D:1)
  2 goblins (D:1)
  A hobgoblin (D:1)
  3 jackals (D:1)
  A quokka (D:1)
  2 ball pythons
  3 bats
  A frilled lizard (D:1)
  3 kobolds (D:1)
  3 rats (D:1)
26 creatures vanquished.

Notes
Turn   | Place    | Note
-------+----------+-------------------------------------------
     0 | D:1      | zeram the Octopode Brigand began the quest for the Orb.
     0 | D:1      | Reached XP level 1. HP: 14/14 MP: 1/1
   140 | D:1      | Reached XP level 2. HP: 19/19 MP: 2/2
   224 | D:1      | Reached skill level 6 in Stealth
   469 | D:1      | Found a faded altar of an unknown god.
   734 | D:1      | Reached XP level 3. HP: 24/24 MP: 3/3
   878 | D:2      | Found Zolegun's Distillery.
  1010 | D:2      | You fall into a shaft and drop 2 floors!
  1028 | D:5      | Entered Level 5 of the Dungeon
  1126 | D:5      | Noticed Edmund
  1131 | D:5      | HP: 1/24 [Edmund (9)]
  1131 | D:5      | Slain by Edmund

Illustrated notes

Levels and vault maps discovered:
D:1:      wander_arrival_estate, layout_basic, basic_ecumenical_altar
D:2:      layout_loops_ring, serial_shops, shop
D:4:      layout_basic, ebering_ghost_rock_garden, minmay_manual_mail
D:5:      layout_basic, nicolae_ru_great_annihilating_truth,
          minmay_temple_entry_statues, uniq_duvessa, uniq_pikel, uniq_edmund

Skill      XL: |  1  2 |
---------------+-------+-----
Stealth        | 6 |  6.8
Fighting       | |  2.0
Short Blades   | |  2.2
Throwing       | |  2.0
Dodging        | |  1.0

Action                   || total
-------------------------++-------
Melee: Dagger            ||    46
       Tentacles         ||     7
       Constrict         ||     7
       Punch             ||     1
  Use: Scroll            ||     2
 Stab: Sleeping          ||    11
Armor: Skin              ||     4
Dodge: Dodged            ||    21
